 Dungeon Crawl Stone Soup version 0.31-a0-692-gf03d1854d5 (webtiles) character file.

Game seed: 7888557042932294111

35 qw the Shooter (level 3, -5/21 HPs)
             Began as a Gargoyle Hunter on Sept 6, 2023.
             Slain by a gnoll
             ... wielding a +0 whip
              (7 damage)
             ... on level 2 of the Dungeon.
             The game lasted 00:00:20 (821 turns).

qw the Shooter (Gargoyle Hunter)                     Turns: 821, Time: 00:00:20

Health: -5/21      AC:  8    Str: 14    XL:     3   Next: 33%
Magic:  3/3        EV: 10    Int:  9    God:
Gold:   48         SH:  0    Dex: 15    Spells: 2/2 levels left

rFire   . . .        Y - +0 shortbow
rCold   . . .        (shield currently unavailable)
rNeg    + . .        h - +0 ring mail
rPois   inf          (no helmet)
rElec   +            (no cloak)
rCorr   .            (no gloves)
SInv    .            (no boots)
Will    .....        (no amulet)
Stlth   +            (no ring)
HPRegen 0.23/turn    (no ring)
MPRegen 0.08/turn

%: no passive effects
@: no status effects
A: sickness immunity, AC +3, negative energy resistance 1, electricity
resistance, torment resistance 1, petrification resistance
a: no special abilities


You were on level 2 of the Dungeon.
You visited 1 branch of the dungeon, and saw 2 of its levels.

You collected 48 gold pieces.


Innate Abilities, Weirdness & Mutations

You are immune to sickness and miasma.
Your stone body is resilient. (AC +3)
You are immune to poison.
You resist negative energy. (rN+)
You are resistant to electric shocks. (rElec)
You are resistant to unholy torment.
You are immune to petrification.


   Skills:
 - Level 2.2 Fighting
 - Level 5.0 Ranged Weapons
 + Level 0.5 Armour
 - Level 1.5 Dodging
 - Level 1.1 Stealth


You had 2 spell levels left.
You didn't know any spells.
Your spell library was empty.

Inventory:

Hand Weapons
 Y - a +0 shortbow (weapon)
Armour
 h - a +0 ring mail (worn)
Jewellery
 g - a ring of ice

Dungeon Overview and Level Annotations

Branches:
Dungeon (2/15)

Altars:


Message History

The gnoll is lightly wounded.
You shoot an arrow. The arrow hits the gnoll.
The gnoll is lightly wounded.
A gnoll comes into view. It is wielding a +0 whip.
You shoot an arrow. The gnoll shouts!
The arrow hits the gnoll but does no damage.
The gnoll is lightly wounded.
You shoot an arrow. The arrow barely misses the gnoll.
The arrow completely misses the gnoll.
A gnoll comes into view. It is wielding a +0 whip.
812 |||
Found retreat position at -2,4 (stone_stairs_up_iii) with 0 blocking monsters and 1 monsters attacking at destination at distance 4
812 ||| Stepping ~*~*~tactically~*~*~ (retreating).
813 |||
Found retreat position at -1,3 (stone_stairs_up_iii) with 0 blocking monsters and 1 monsters attacking at destination at distance 3
813 ||| Stepping ~*~*~tactically~*~*~ (retreating).
You shoot an arrow. The arrow hits the gnoll.
The gnoll is moderately wounded.
The gnoll hits you with a +0 whip.
You shoot an arrow. The arrow closely misses the gnoll.
The gnoll hits you but does no damage. The gnoll hits you with a +0 whip!
You shoot an arrow. The arrow barely misses the gnoll.
The gnoll hits you with a +0 whip.
You shoot an arrow.
The arrow hits the gnoll but does no damage.
The gnoll is moderately wounded.
The gnoll completely misses you. The gnoll hits you with a +0 whip.
You shoot an arrow.
The arrow hits the gnoll but does no damage.
The gnoll is moderately wounded.
The gnoll closely misses you. The gnoll hits you but does no damage.
819 |||
Found retreat position at 0,2 (stone_stairs_up_iii) with 0 blocking monsters and 1 monsters attacking at destination at distance 2
819 ||| Stepping ~*~*~tactically~*~*~ (retreating).
The gnoll barely misses you.
You see here a rat corpse.
You shoot an arrow. The arrow closely misses the gnoll.
The gnoll closely misses you. The gnoll hits you with a +0 whip.
You shoot an arrow. The arrow barely misses the gnoll.
You hear a shout!
The gnoll hits you with a +0 whip!
You die...

.. ... #.
#.###
#.###...
#......
#.....###.#.#
#..[....g.)g#
#.....#.#.#..
#..gg.# #
#.#@#.# #
#<#...
#######


You could see 2 gnolls.

Vanquished Creatures
  A dart slug (D:1)
  6 bats (D:1)
  3 endoplasms (D:1)
  5 goblins (D:1)
  A hobgoblin (D:1)
  4 kobolds
  3 ball pythons (D:1)
  8 rats
31 creatures vanquished.

Notes
Turn   | Place    | Note
-------+----------+-------------------------------------------
     0 | D:1      | qw the Gargoyle Hunter began the quest for the Orb.
     0 | D:1      | Reached XP level 1. HP: 12/12 MP: 1/1
     0 | D:1      | 0 ||| qw: Version: 0.3-a-76-g4403597
     0 | D:1      | 0 ||| qw: Game counter: 295
     0 | D:1      | 0 ||| qw: Melee chars always use a shield: true
     0 | D:1      | 0 ||| qw: God list: Okawaru
     0 | D:1      | 0 ||| qw: Allow faded altars: false
     0 | D:1      | 0 ||| qw: Do Orc after clearing Dungeon:15 true
     0 | D:1      | 0 ||| qw: Do second Lair branch before Depths: true
     0 | D:1      | 0 ||| qw: Lair rune preference: random
     0 | D:1      | 0 ||| qw: Goals: Normal
     0 | D:1      | 0 ||| PLANNING D:1-11
    21 | D:1      | Reached XP level 2. HP: 17/17 MP: 2/2
   319 | D:1      | Reached XP level 3. HP: 21/21 MP: 3/3
   340 | D:1      | Reached skill level 5 in Ranged Weapons
   625 | D:1      | 625 ||| UPGRADING to +0 ring mail.
   635 | D:1      | 635 ||| DROPPING +0 leather armour.
   636 | D:1      | 636 ||| READING scroll labelled YWORAAGYRA.
   737 | D:1      | 737 ||| READING 2 scrolls labelled ZUWNEUGG BUOX.
   738 | D:1      | 738 ||| READING scroll labelled NAITHR HUTOTUM.
   742 | D:1      | 742 ||| READING scroll labelled MEANAN JAOFO.
   743 | D:1      | 743 ||| DROPPING scroll of butterflies.
   744 | D:1      | 744 ||| DROPPING scroll of immolation.
   773 | D:2      | 773 ||| STAIRDANCE
   792 | D:2      | 792 ||| STAIRDANCE
   812 | D:2      | 812 ||| Stepping ~*~*~tactically~*~*~ (retreating).
   813 | D:2      | 813 ||| Stepping ~*~*~tactically~*~*~ (retreating).
   817 | D:2      | HP: 2/21 [gnoll/+0 whip (6)]
   819 | D:2      | 819 ||| Stepping ~*~*~tactically~*~*~ (retreating).
   821 | D:2      | Slain by a gnoll

Levels and vault maps discovered:
D:1:      onia_arrival_handbag, layout_loops_ring, dk_noncrumbling_2
D:2:      layout_basic, basic_altar, nicolae_ecumenical_lake_church

Skill      XL: |  1  2  3 |
---------------+----------+-----
Ranged Weapons | 5 |  5.0
Fighting       | |  2.2
Armour         | |  0.5
Dodging        | |  1.5
Stealth        | |  1.1

Action                     || total
---------------------------++-------
   Fire: Shortbow          ||    71
    Use: Scroll            ||     4
 Armour: Leather armour    ||     5
         Ring mail         ||    12
  Dodge: Dodged            ||    17

Table legend:
 A = Non-vault XP
 B = Vault XP
 C = Vault XP percentage of total XP
 D = Non-vault monster count
 E = Vault monster count
 F = Vault count percentage of total count
                 A         B        C        D         E       F
            +---------+---------+-------+---------+---------+-------
      Total |      46 |       4 |   8.0 |      27 |       4 |  12.9
            +---------+---------+-------+---------+---------+-------
        D:1 |      43 |       4 |   8.5 |      25 |       4 |  13.8
        D:2 |       3 |       0 |   0.0 |       2 |       0 |   0.0
            +---------+---------+-------+---------+---------+-------
